 Dungeon Crawl Stone Soup version 0.30-a0-390-g80c34de65d (webtiles) character file.

Game seed: 12618707561505509044

50643 karrick the Bludgeoner (level 14, -6/91 HPs)
             Began as a Gargoyle Fighter on Dec 5, 2022.
             Was the Champion of Okawaru.
             Mangled by a seven-headed hydra (11 damage)
             ... on level 5 of the Lair of Beasts.
             The game lasted 00:38:43 (15737 turns).

karrick the Bludgeoner (Gargoyle Fighter)          Turns: 15737, Time: 00:38:44

Health: -6/91      AC: 25    Str: 28    XL:     14   Next: 56%
Magic:  16/18      EV: 13    Int: 10    God:    Okawaru [******]
Gold:   811        SH: 19    Dex: 13    Spells: 13/13 levels left

rFire   . . .      SeeInvis +    I - +6 hammer of Bas Yrghao {flame, Contam rC+ Str+4}
rCold   + . .      Faith    +    R - +5 kite shield "Hukayle" {Regen+ Str+4}
rNeg    + . .      Spirit   .    F - +0 steam dragon scales
rPois   ∞          Reflect  .    g - +2 hat
rElec   +          Harm     .    l - +0 cloak
rCorr   .          Rampage  +    (no gloves)
Will    ++...                    c - +2 pair of boots {rampage}
Stlth   ++++++....               k - amulet of faith
HPRegen 1.15/turn                J - ring of willpower
MPRegen 0.16/turn                W - ring of see invisible

@: heroic, flying
A: sickness immunity, AC +10, big wings, negative energy resistance 1,
electricity resistance, torment resistance 1, petrification resistance
a: Renounce Religion, Heroism, Finesse, Duel


You were on level 5 of the Lair of Beasts.
You worshipped Okawaru.
Okawaru was exalted by your worship.
You visited 3 branches of the dungeon, and saw 18 of its levels.

You collected 1132 gold pieces.
You spent 321 gold pieces at shops.

Inventory:

Hand Weapons
 b - a +2 flail of draining
 n - a +4 hand axe
 C - a +2 whip of freezing
 I - the +6 hammer of Bas Yrghao (weapon) {flame, Contam rC+ Str+4}
   (You found it on level 7 of the Dungeon)

   It burns those it strikes, dealing additional fire damage.
   Str:       It affects your strength (+4).
   rC:        It protects you from cold.
   Contam:    It causes magical contamination when unequipped.
 V - a +1 flail of holy wrath
Missiles
 P - 7 silver javelins
 X - 6 silver boomerangs (quivered)
Armour
 a - the +3 tower shield of the Hurtling Gods {-Tele +Inv rF+}
   (Okawaru gifted it to you on level 2 of the Lair of Beasts)

   rF:        It protects you from fire.
   +Inv:      It lets you turn invisible.
   -Tele:     It prevents most forms of teleportation.
 c - a +2 pair of boots of rampaging (worn)
 d - the +5 chain mail "Vompudy" {rCorr Str-5 Dex+5 SInv}
   (Okawaru gifted it to you on level 4 of the Lair of Beasts)

   Str:       It affects your strength (-5).
   Dex:       It affects your dexterity (+5).
   SInv:      It lets you see invisible.
   rCorr:     It protects you from acid and corrosion.
 g - a +2 hat (worn)
 l - a +0 cloak (worn)
 F - +0 steam dragon scales (worn)
 K - the +0 buckler of Objectivity {Regen+}
   (You bought it in a shop on level 7 of the Dungeon)

   Regen:     It increases your rate of health regeneration.
 Q - a +0 troll leather armour
 R - the +5 kite shield "Hukayle" (worn) {Regen+ Str+4}
   (Okawaru gifted it to you on level 10 of the Dungeon)

   Str:       It affects your strength (+4).
   Regen:     It increases your rate of health regeneration.
 T - the +0 plate armour of Okawaru's Delight {+Blink rPois Will- Dex+5}
   (Okawaru gifted it to you on level 12 of the Dungeon)

   Dex:       It affects your dexterity (+5).
   rPois:     It protects you from poison.
   +Blink:    It lets you blink.
   Will:      It decreases your willpower.
 U - +0 swamp dragon scales
Jewellery
 k - an amulet of faith (around neck)
 q - an amulet of reflection
 J - a ring of willpower (left hand)
 W - a ring of see invisible (right hand)
Wands
 w - a wand of iceblast (24)
 x - a wand of flame (34)
 D - a wand of quicksilver (4)
 O - a wand of mindburst (8)
Scrolls
 e - 3 scrolls of brand weapon
 i - 5 scrolls of poison
 j - 3 scrolls of blinking
 o - 3 scrolls of immolation
 p - 2 scrolls of fear
 r - a scroll of silence
 s - 8 scrolls of teleportation
 y - 4 scrolls of magic mapping
 E - 3 scrolls of enchant weapon
 G - a scroll of enchant armour
 L - 2 scrolls of identify
 Y - a scroll of summoning
Potions
 f - 2 potions of cancellation
 h - 2 potions of magic
 t - 2 potions of berserk rage
 v - 4 potions of invisibility
 z - 2 potions of resistance
 A - a potion of ambrosia
 B - 6 potions of heal wounds
 H - 3 potions of attraction
 M - a potion of lignification
 N - 8 potions of curing
 S - 2 potions of haste


   Skills:
 + Level 11.8(16.8) Fighting
 + Level 15.1(20.1) Maces & Flails
 + Level 7.6(12.6) Armour
 * Level 10.8(15.8) Stealth
 + Level 13.9(18.9) Shields
 * Level 6.2 Invocations


You had 13 spell levels left.
You didn't know any spells.
Your spell library contained the following spells:

 Spells                   Type           Power      Damage    Failure   Level
 Apportation              Tloc           0%         N/A       50%         1
 Kiss of Death            Conj/Necr      0%         2d5       50%         1
 Necrotise                Necr           0%         1d4       50%         1
 Shock                    Conj/Air       0%         1d3       50%         1
 Sting                    Tmut/Pois      0%         1d3       50%         1
 Poisonous Vapours        Pois/Air       0%         N/A       63%         2
 Scorch                   Fire           0%         2d5       63%         2
 Static Discharge         Conj/Air       0%         2-2/arc   63%         2
 Confusing Touch          Hex            0%         N/A       86%         3
 Gell's Gravitas          Tloc           0%         N/A       86%         3
 Hailstorm                Conj/Ice       0%         3d3       86%         3
 Inner Flame              Hex/Fire       0%         N/A       86%         3
 Portal Projectile        Hex/Tloc       0%         N/A       86%         3
 Swiftness                Air            0%         N/A       86%         3
 Teleport Other           Tloc           0%         N/A       86%         3
 Vhi's Electric Charge    Tloc/Air       0%         N/A       86%         3
 Airstrike                Air            0%         2d(0-16)  99%         4
 Cause Fear               Hex            0%         N/A       99%         4
 Dispel Undead            Necr           0%         3d6       99%         4
 Flame Wave               Conj/Fire      0%         2d4       99%         4
 Ice Form                 Ice/Tmut       0%         N/A       99%         4
 Leda's Liquefaction      Hex/Erth       0%         N/A       99%         4
 Olgreb's Toxic Radiance  Pois           0%         N/A       99%         4
 Arcjolt                  Conj/Air       0%         1d10      100%        5
 Lightning Bolt           Conj/Air       0%         1d11      100%        5
 Dispersal                Tloc           0%         N/A       100%        6
 Discord                  Hex            0%         N/A       100%        8
 Summon Small Mammal      Summ           Unusable   N/A       N/A         1
 Call Canine Familiar     Summ           Unusable   N/A       N/A         3
 Simulacrum               Ice/Necr       Unusable   N/A       N/A         6
 Summon Cactus Giant      Summ           Unusable   N/A       N/A         6

Dungeon Overview and Level Annotations

Branches:
Dungeon (12/15)            Temple (0/1) D:4            Lair (5/5) D:8
 Shoals (0/4) Lair:2        Slime (0/5) Lair:4          Orc (1/2) D:11
  Snake: Lair:2-3    Spider: Lair:2-3

Altars:
Cheibriados
Fedhas
Okawaru

Shops:
D:3 ?   D:5 (   D:7 =[(*

Portals:
Trove: D:11 (show abyssal rune of Zot)


Innate Abilities, Weirdness & Mutations

You are immune to sickness and miasma.
Your stone body is resilient. (AC +10)
You are immune to poison.
Your large and strong wings let you fly.
You resist negative energy. (rN+)
You are resistant to electric shocks. (rElec)
You are resistant to unholy torment.
You are immune to petrification.


Message History

The seven-headed hydra bites you!
You block the seven-headed hydra's attack.
The seven-headed hydra bites you but does no damage.
The seven-headed hydra closely misses you.
The seven-headed hydra bites you but does no damage.
You block the seven-headed hydra's attack.
The manticore bites something!!
The manticore claws something!
The manticore claws something.
You gain the combat prowess of a mighty hero.
The cane toad stings you but does no damage.
You block the seven-headed hydra's attack.
The seven-headed hydra bites you.
You block the seven-headed hydra's attack. x2
The seven-headed hydra bites you but does no damage.
You block the seven-headed hydra's attack.
The seven-headed hydra bites you.
The manticore bites something!!
The manticore claws something! x2
You hit the seven-headed hydra. You burn the seven-headed hydra.
The seven-headed hydra is heavily wounded.
The cane toad stings you!
* * * LOW HITPOINT WARNING * * *
You block the seven-headed hydra's attack.
The seven-headed hydra bites you.
* * * LOW HITPOINT WARNING * * *
You block the seven-headed hydra's attack.
The seven-headed hydra bites you but does no damage.
You block the seven-headed hydra's attack.
The seven-headed hydra bites you but does no damage.
The seven-headed hydra misses you.
You sock the seven-headed hydra! You burn the seven-headed hydra!
The seven-headed hydra is severely wounded.
The cane toad stings you!
* * * LOW HITPOINT WARNING * * *
The manticore bites something.
The manticore claws something! x2
You block the seven-headed hydra's attack.
The seven-headed hydra bites you!
* * * LOW HITPOINT WARNING * * *
The seven-headed hydra bites you but does no damage.
The seven-headed hydra bites you!
You die...

....÷.....##)!$....###.......##
#...#.#...##.$...#..##.......##
#...#...########...###.......P#
##[###.......#..D#..##.......P#
.###...#.#...##....###...<...##
.# #.....#...#......##.......P#
## #.....#.###.k..###........##
# ###........HD#F# #.........#
# ##.......P#@####.........##
####.P.######............#
##### ##..........## ######
######.........###
#..#.###.##.#...........#
##...........#.........P##
#.....(....P...........##
#...(......#P#.........P#
##...P(...#####........P#


You could see a seven-headed hydra, a manticore, a cane toad and a rime drake.

Vanquished Creatures
  Gastronok (Lair:3)
  Nessos (Lair:3)
  A dire elephant (Lair:5)
  A hydra (Lair:5)
  3 catoblepae
  A two-headed ogre (D:6)
  3 boulder beetles
  Nergalle (D:12)
  Pikel (D:7)
  5 lindwurms
  A deep elf pyromancer (D:12)
  2 cyclopes (D:12)
  An ugly thing (D:11)
  3 manticores
  21 elephants
  3 black mambas (Lair:5)
  8 cane toads
  2 gargoyles
  Maggie (D:6)
  7 komodo dragons
  4 rime drakes
  2 polar bears (Lair:5)
  6 trolls
  4 slime creatures (D:12)
  2 hornets
  A snapping turtle (Lair:2)
  7 dream sheep (Lair:5)
  Sigmund (D:3)
  A wraith (D:11)
  9 wyverns
  2 vampires
  Eustachio (D:4)
  55 yaks
  5 basilisks
  2 steam dragons
  Menkaure (D:6)
  2 wargs
  Edmund (D:4)
  12 water moccasins
  7 orc warriors
  An ice beast (D:6)
  4 black bears
  2 sky beasts (D:7)
  4 phantoms
  16 wolves
  2 centaurs
  A lemure (D:7)
  The ghost of AigisTheKnight the Digger, an amateur GrEE (D:4)
  3 kobold brigands
  10 bullfrogs
  A scorpion (D:4)
  13 wights
  A water moccasin skeleton (D:4)
  4 electric eels (Lair:2)
  A howler monkey (D:9)
  4 jellies (Lair:4)
  4 hounds
  Crazy Yiuf (D:7)
  A centaur skeleton (D:4)
  14 orc priests
  Jessica (D:3)
  4 iguanas
  Ijyb (D:3)
  Natasha (thrice) (D:4)
  14 orc wizards
  Robin (D:4)
  4 gnolls (D:4)
  4 adders
  A shadow imp (D:6)
  2 white imps
  3 ufetubi
  4 dart slugs
  74 orcs
  6 bats
  10 endoplasms
  2 giant cockroaches
  16 goblins
  12 hobgoblins
  4 jackals (D:4)
  20 kobolds
  3 quokkas (D:1)
  10 ball pythons
  2 frilled lizards
  8 rats
489 creatures vanquished.

Vanquished Creatures (others)
  An orc wizard (D:5)
  5 fungi
  28 plants
34 creatures vanquished.

Grand Total: 523 creatures vanquished

Notes
Turn   | Place    | Note
-------+----------+-------------------------------------------
     0 | D:1      | karrick the Gargoyle Fighter began the quest for the Orb.
     0 | D:1      | Reached XP level 1. HP: 14/14 MP: 1/1
     3 | D:1      | Noticed an electric eel
     4 | D:1      | Noticed an electric eel
   139 | D:1      | Reached XP level 2. HP: 19/19 MP: 2/2
   608 | D:1      | Reached XP level 3. HP: 23/23 MP: 3/3
  1614 | D:3      | Noticed Jessica
  1618 | D:3      | Killed Jessica
  1619 | D:3      | Reached skill level 3 in Maces & Flails
  1619 | D:3      | Reached XP level 4. HP: 29/29 MP: 4/4
  1630 | D:3      | You fall into a shaft and drop 3 floors!
  1804 | D:6      | Reached XP level 5. HP: 31/33 MP: 5/5
  1895 | D:7      | Noticed a black bear
  1903 | D:7      | Killed a black bear
  1904 | D:7      | Reached skill level 4 in Maces & Flails
  1904 | D:7      | Reached XP level 6. HP: 30/38 MP: 6/6
  1981 | D:6      | Noticed an ice beast
  2024 | D:6      | Killed an ice beast
  2025 | D:6      | Reached skill level 5 in Maces & Flails
  2147 | D:6      | Noticed Menkaure
  2162 | D:6      | Killed Menkaure
  2163 | D:6      | Reached XP level 7. HP: 27/43 MP: 7/7
  2231 | D:5      | Entered Level 5 of the Dungeon
  2288 | D:6      | Found an iron altar of Okawaru.
  2293 | D:6      | Noticed a two-headed ogre
  2298 | D:6      | Killed a two-headed ogre
  2299 | D:6      | Reached skill level 7 in Maces & Flails
  2299 | D:6      | Reached skill level 5 in Armour
  2299 | D:6      | Reached skill level 5 in Shields
  2299 | D:6      | Reached XP level 8. HP: 22/48 MP: 8/8
  2366 | D:6      | Became a worshipper of Warmaster Okawaru
  2398 | D:6      | Noticed Maggie
  2692 | D:4      | Noticed Natasha
  2696 | D:4      | Killed Natasha
  2722 | D:4      | Reached skill level 8 in Maces & Flails
  2779 | D:4      | Noticed Edmund
  2792 | D:4      | Killed Edmund
  2793 | D:4      | Reached skill level 5 in Fighting
  2797 | D:4      | Reached * piety under Okawaru
  2800 | D:4      | Noticed Natasha
  2830 | D:4      | Killed Natasha
  2900 | D:4      | Noticed Robin
  2907 | D:4      | Killed Robin
  3002 | D:4      | Noticed Eustachio
  3015 | D:4      | Found a transporter.
  3015 | D:4      | Noticed AigisTheKnight's ghost (amateur GrEE)
  3022 | D:4      | Found a transporter.
  3024 | D:4      | Killed Eustachio
  3025 | D:4      | Reached XP level 9. HP: 24/54 MP: 9/9
  3232 | D:4      | Found a staircase to the Ecumenical Temple.
  3285 | D:4      | Noticed Natasha
  3295 | D:4      | Killed Natasha
  3336 | D:3      | Found Hifoss's Magic Scroll Shop.
  3362 | D:3      | Bought a scroll of identify for 22 gold pieces
  3362 | D:3      | Bought a scroll of teleportation for 33 gold pieces
  3362 | D:3      | Bought a scroll of identify for 22 gold pieces
  3458 | D:3      | Reached skill level 9 in Maces & Flails
  3476 | D:3      | Noticed Sigmund
  3485 | D:3      | Killed Sigmund
  3485 | D:3      | Reached ** piety under Okawaru
  3551 | D:3      | Found a faded altar of an unknown god.
  3562 | D:3      | Noticed Ijyb
  3573 | D:3      | Killed Ijyb
  4088 | D:5      | HP: 2/55 [orc priest/divine providence (12)]
  4491 | D:5      | Found Dathot's Weapon Boutique.
  4847 | D:7      | Noticed Pikel
  4872 | D:7      | Killed Pikel
  4873 | D:7      | Reached skill level 10 in Maces & Flails
  4888 | D:7      | Reached *** piety under Okawaru
  4889 | D:7      | Reached XP level 10. HP: 58/61 MP: 10/10
  5064 | D:7      | Found Fan Qag's Armour Emporium.
  5189 | D:7      | Found Sivybb's Jewellery Shoppe.
  5292 | D:7      | Found Licouror's Weapon Boutique.
  5313 | D:7      | Found Keemm's General Store.
  5415 | D:7      | Identified the +6 hammer of Bas Yrghao {flame, Contam rC+
                  | Str+4}
  5421 | D:7      | Found a runed translucent door.
  5422 | D:7      | Noticed Crazy Yiuf
  5426 | D:7      | Killed Crazy Yiuf
  5776 | D:8      | Reached skill level 11 in Maces & Flails
  5797 | D:8      | Reached **** piety under Okawaru
  6020 | D:7      | Bought the +0 buckler of Objectivity {Regen+} for 161 gold
                  | pieces
  6055 | D:8      | Found a staircase to the Lair.
  6655 | D:9      | Reached skill level 1 in Stealth
  6679 | D:9      | Reached ***** piety under Okawaru
  6685 | D:9      | Reached skill level 12 in Maces & Flails
  6710 | D:8      | Received a gift from Okawaru
  6753 | D:9      | Reached XP level 11. HP: 59/67 MP: 11/11
  7206 | D:9      | Identified the +4 spear of Nocsessa {venom, rC+ Int+4}
  7402 | D:10     | Entered Level 10 of the Dungeon
  7569 | D:10     | Found a snail-covered altar of Cheibriados.
  7611 | D:10     | Reached skill level 1 in Invocations
  7960 | D:10     | Identified the +5 kite shield "Hukayle" {Regen+ Str+4}
                  | (Okawaru gifted it to you on level 10 of the Dungeon)
  7960 | D:10     | Received a gift from Okawaru
  8503 | D:11     | Noticed a manticore
  8519 | D:11     | Killed a manticore
  8520 | D:11     | Reached skill level 13 in Maces & Flails
  8720 | D:11     | Found a staircase to the Orcish Mines.
  8857 | D:11     | Noticed a purple ugly thing
  8991 | D:12     | Noticed a deep elf pyromancer
  9020 | D:12     | Noticed a cyclops
  9026 | D:12     | Killed a deep elf pyromancer
  9045 | D:12     | Killed a cyclops
  9320 | D:12     | Noticed a manticore
  9331 | D:12     | Killed a manticore
  9391 | D:12     | Noticed Nergalle
  9402 | D:12     | Killed Nergalle
  9403 | D:12     | Reached skill level 5 in Stealth
  9403 | D:12     | Reached XP level 12. HP: 76/76 MP: 13/13
  9567 | D:12     | Identified the +0 plate armour of Okawaru's Delight {+Blink
                  | rPois Will- Dex+5} (Okawaru gifted it to you on level 12 of
                  | the Dungeon)
  9567 | D:12     | Received a gift from Okawaru
  9686 | D:12     | Noticed a boulder beetle
  9955 | D:12     | Killed a boulder beetle
 10535 | D:6      | Killed Maggie
 10647 | D:4      | Killed AigisTheKnight's ghost
 10661 | D:4      | Identified the +6 trident of the Blind Eye {vorpal, rC+
                  | rCorr Int+2}
 10698 | D:3      | Bought a scroll of identify for 22 gold pieces
 10698 | D:3      | Bought a scroll of teleportation for 33 gold pieces
 10786 | D:7      | Bought a scroll of identify for 28 gold pieces
 10859 | Orc:1    | Entered Level 1 of the Orcish Mines
 10925 | Orc:1    | Reached skill level 10 in Shields
 10968 | Orc:1    | Noticed an orc warlord
 11103 | D:11     | Found a portal to a secret trove of treasure.
 11437 | Lair:1   | Entered Level 1 of the Lair of Beasts
 11509 | Lair:1   | Noticed a catoblepas
 11533 | Lair:1   | Killed a catoblepas
 11534 | Lair:1   | Reached skill level 14 in Maces & Flails
 11620 | Lair:1   | Found a transporter.
 11620 | Lair:1   | Noticed a boulder beetle
 11650 | Lair:1   | Found a transporter.
 11661 | Lair:1   | Noticed a boulder beetle
 11871 | Lair:1   | Reached skill level 10 in Fighting
 12262 | Lair:1   | Killed a boulder beetle
 12276 | Lair:1   | Killed a boulder beetle
 12411 | Lair:2   | Identified the +3 tower shield of the Hurtling Gods {-Tele
                  | +Inv rF+} (Okawaru gifted it to you on level 2 of the Lair
                  | of Beasts)
 12411 | Lair:2   | Received a gift from Okawaru
 12443 | Lair:2   | Reached XP level 13. HP: 53/83 MP: 14/14
 12454 | Lair:2   | Reached ****** piety under Okawaru
 12569 | Lair:2   | Found a blossoming altar of Fedhas.
 12938 | Lair:2   | Found a staircase to the Shoals.
 13358 | Lair:3   | Noticed Gastronok
 13372 | Lair:3   | Killed Gastronok
 13414 | Lair:3   | Noticed Nessos
 13439 | Lair:3   | Killed Nessos
 13569 | Lair:4   | Identified the +5 chain mail "Vompudy" {rCorr Str-5 Dex+5
                  | SInv} (Okawaru gifted it to you on level 4 of the Lair of
                  | Beasts)
 13569 | Lair:4   | Received a gift from Okawaru
 13690 | Lair:4   | Found a staircase to the Slime Pits.
 14517 | Lair:5   | Entered Level 5 of the Lair of Beasts
 14607 | Lair:5   | Reached skill level 10 in Stealth
 14625 | Lair:5   | Gained mutation: Your large and strong wings let you fly.
                  | [Gargoyle growth]
 14625 | Lair:5   | Reached XP level 14. HP: 66/90 MP: 17/17
 14705 | Lair:5   | Reached skill level 5 in Invocations
 14728 | Lair:5   | Received a gift from Okawaru
 14793 | Lair:5   | Reached skill level 15 in Maces & Flails
 15147 | Lair:5   | Noticed a dire elephant
 15179 | Lair:5   | Killed a dire elephant
 15224 | Lair:5   | Received a gift from Okawaru
 15265 | Lair:5   | Identified the +5 scale mail of Space {rN+++ rCorr Slay-2
                  | Stlth+}
 15737 | Lair:5   | Mangled by a seven-headed hydra

Illustrated notes

Levels and vault maps discovered:
D:1:      arrival_aquarium_b, layout_basic, dreamdust_mushroom_princess
D:2:      layout_basic
D:3:      layout_basic, serial_shops, nicolae_shop_trees,
          ebering_ecumenical_altar_webs, lightli_corner_chamber, uniq_jessica,
          uniq_ijyb, uniq_sigmund
D:4:      layout_rooms, minmay_temple_entry_drinking_statues,
          gammafunk_ghost_mausoleum, uniq_edmund, uniq_eustachio, uniq_robin,
          uniq_natasha
D:5:      layout_rooms, serial_shops, nicolae_shop_bloodbath_and_beyond
D:6:      layout_rooms, mainiacjoe_overflow_six_doors_small, uniq_menkaure,
          uniq_maggie
D:7:      nicolae_cairo_tiling, layout_basic, serial_shops, shop,
          nicolae_shop_stone, shop_fountains, shop, item_on_display_a,
          uniq_crazy_yiuf_cottage, uniq_pikel
D:8:      layout_gridville, dpeg_oklobed_lair
D:9:      layout_loops_cross, nicolae_concentric_dashed_squares_mild
D:10:     layout_stronghold, mainiacjoe_overflow_boulevard
D:11:     layout_long_grid, erik_orc_4, enter_trove_3
D:12:     layout_layer_cave, uniq_nergalle
Lair:1:   gammafunk_boulding_lane, layout_gridlike
Lair:2:   layout_regular_city, minmay_shoals_entry_hut, basic_altar,
          serial_bayou_lake_a, serial_bayou_shore_b
Lair:3:   layout_layer_cave, spider_nest_entry_webs, serial_bayou_pond_b,
          beast_lair_carwin_1, serial_bayou_shore_a, grunt_megastairs_1,
          uniq_gastronok, uniq_nessos
Lair:4:   layout_loops_ring, nicolae_slime_entry_slimehenge,
          nicolae_lair_lindhole
Lair:5:   hangedman_lair_in_review, layout_big_grid, infiniplex_staircase_pool,
          lemuel_fruit_tree
Orc:1:    gammafunk_beogh_shrine, layout_caves, uniq_jorgrun

Skill      XL: |  1  2  3  4  5  6  7  8  9 10 11 12 13 14 |
---------------+-------------------------------------------+-----
Maces & Flails | 3 4 5 7 8 10 12 13 14 15 | 15.1
Shields        | 4 5 6 7 9 11 12 13 | 13.9
Armour         | 4 5 6 7 |  7.6
Fighting       | 4 5 6 7 9 10 11 | 11.8
Stealth        | 2 5 7 10 | 10.8
Invocations    | 1 4 6 |  6.2

Action                   |  1- 3 |  4- 6 |  7- 9 | 10-12 | 13-15 || total
-------------------------+-------+-------+-------+-------+-------++-------
Melee: Flail             |   133 |    85 |   450 |       |       ||   668
       Mace              |       |       |       |   849 |   703 ||  1552
       Whip              |       |       |       |    46 |       ||    46
Invok: Heroism           |       |       |     1 |     5 |     5 ||    11
  Use: Potion            |       |     1 |     5 |     1 |     1 ||     8
       Scroll            |       |       |       |    19 |     7 ||    26
 Stab: Sleeping          |       |       |       |     7 |    18 ||    25
       Distracted        |       |       |       |     1 |       ||     1
Armor: Scale mail        |    62 |    54 |   274 |    22 |       ||   412
       Steam dragon scal |       |       |       |   262 |   274 ||   536
Dodge: Dodged            |    63 |    37 |   183 |   240 |   223 ||   746
Block: Buckler           |    28 |    12 |   117 |    76 |       ||   233
       Kite shield       |       |       |       |   318 |   642 ||   960

Table legend: (Time is in decaauts)
 A = Elapsed time spent in this place.
 B = Non-inter-level travel time spent in this place.
 C = Inter-level travel time spent in this place.
 D = Time resting spent in this place.
 E = Time spent auto-exploring this place.
 F = Levels seen in this place.
 G = Mean time per level.
                   A        B        C        D        E       F      G
               +--------+--------+--------+--------+--------+-----+--------+
         Total |  15550 |  14625 |    925 |    243 |  10328 |  18 |  863.9 |
       Dungeon |  11279 |  10444 |    835 |    212 |   7629 |  12 |  939.9 |
          Lair |   4153 |   4064 |     89 |     31 |   2671 |   5 |  830.6 |
  Orcish Mines |    117 |    117 |      0 |      0 |     28 |   1 |  117.0 |
               +--------+--------+--------+--------+--------+-----+--------+

Top non-repeatable levels by time:
    D:12: 1249 daAuts
     D:7: 1123 daAuts
    D:10: 1115 daAuts
  Lair:5: 1102 daAuts
     D:8: 1061 daAuts
     D:4: 1032 daAuts
  Lair:2: 1005 daAuts
  Lair:4: 932 daAuts
    D:11: 926 daAuts
     D:1: 918 daAuts
  Lair:1: 881 daAuts
     D:6: 870 daAuts
     D:9: 849 daAuts
     D:5: 822 daAuts
     D:2: 718 daAuts
